 Dungeon Crawl Stone Soup version 0.30.0-10-gfe55d96785 (webtiles) character file.

Game seed: 2888652647442978358

462 qeuew the Magician (level 6, 0/32 HPs)
             Began as a Deep Elf Earth Elementalist on May 15, 2023.
             Frozen to death by an endoplasm (4 damage)
             ... on level 4 of the Dungeon.
             The game lasted 00:05:27 (3819 turns).

qeuew the Magician (Deep Elf Earth Elementalist)    Turns: 3819, Time: 00:05:28

Health: 0/32       AC:  3    Str:  5    XL:     6   Next: 79%
Magic:  16/16      EV: 13    Int: 22    God:
Gold:   162        SH:  0    Dex: 15    Spells: 12/16 levels left

rFire   . . .        h - +0 dagger
rCold   . . .        (no shield)
rNeg    . . .        a - +1 robe
rPois   .            (no helmet)
rElec   .            (no cloak)
rCorr   .            (no gloves)
SInv    .            (no boots)
Will    .....        (no amulet)
Stlth   +++          (no ring)
HPRegen 0.25/turn    (no ring)
MPRegen 0.15/turn

%: no passive effects
@: no status effects
A: no striking features
a: no special abilities


You were on level 4 of the Dungeon.
You visited 1 branch of the dungeon, and saw 5 of its levels.

You collected 162 gold pieces.

Inventory:

Hand Weapons
 h - a +0 dagger (weapon)
Missiles
 g - 4 throwing nets
Armour
 a - a +1 robe (worn)
Scrolls
 m - a scroll of teleportation
Potions
 b - 2 potions of magic
 d - 2 potions of curing
 f - a potion of heal wounds


   Skills:
 + Level 3.9 Dodging
 * Level 5.6 Stealth
 * Level 5.8 Spellcasting
 + Level 2.9 Transmutations
 + Level 4.3 Earth Magic


You had 12 spell levels left.
You knew the following spells:

 Your Spells              Type           Power      Damage    Failure   Level
a - Sandblast             Erth           50%        2d12      1%          1
b - Stone Arrow           Conj/Erth      30%        3d8       12%         3

Your spell library contained the following spells:

 Spells                   Type           Power      Damage    Failure   Level
 Passwall                 Tmut/Erth      18%        N/A       3%          2
 Wereblood                Tmut           19%        N/A       4%          2
 Sublimation of Blood     Necr           6%         N/A       14%         2
 Petrify                  Tmut/Erth      22%        N/A       21%         4
 Summon Hydra             Summ           3%         N/A       100%        7


Dungeon Overview and Level Annotations

Branches:
Dungeon (5/15)
 Temple: D:4-7

Altars:
Dithmenos
Gozag
Kikubaaqudgha

Portals:
Ossuary: D:4

Annotations:
D:3 2 transporters


Message History

You kill the adder!
Unknown command.
You open the door.
An orc zombie comes into view.
The gnoll shouts!
The endoplasm quivers.
You open the door.
A mummy comes into view.
The gnoll closely misses you.
Found a sand-covered staircase.
The mummy closely misses you.
There is an open door here.
You hit the mummy.
The mummy is lightly damaged.
The gnoll closely misses you. The mummy barely misses you.
You hit the mummy.
The mummy is moderately damaged.
The gnoll hits you from afar with a +0 spear.
You hit the mummy.
The mummy is moderately damaged.
The endoplasm freezes you.
You are frozen.
The gnoll closely misses you. The mummy hits you!
You hit the mummy but do no damage.
The mummy is moderately damaged.
The endoplasm hits you but does no damage.
The gnoll barely misses you. The endoplasm barely misses you.
The gnoll completely misses you.
You hit the mummy.
The mummy is heavily damaged.
The mummy completely misses you. The endoplasm completely misses you.
The endoplasm closely misses you. The gnoll barely misses you.
The gnoll hits you from afar with a +0 spear.
* * * LOW HITPOINT WARNING * * *
You barely miss the mummy.
The mummy is heavily damaged.
The gnoll hits you from afar with a +0 spear.
* * * LOW HITPOINT WARNING * * *
The endoplasm freezes you.
You are frozen.
You die...

........... ...#.##
..####..<..#.# .o....
..>.......##.## ###....
###..##..###.... ......
###.##..## +....## ##..#
#$..#..#.###.##..###.†.>
##..##..##.###....!...
##..###J..#......÷.....
#..##M@Jg........g<†.##
##..###gg.#.#.....#..#
##..##g.##...#.(.....#
#...#.###..##.#...#..
#.#..##Z'.###.#......
#.##..###.##.........
#......##.#..#...#...
####....#........ ..
#....†.....##.


You could see a mummy, 3 gnolls, 2 endoplasms and a hobgoblin.

Vanquished Creatures
  A water moccasin (D:5)
  An orc priest (D:3)
  A jelly (D:3)
  Natasha (twice) (D:3)
  An iguana (D:5)
  7 gnolls (D:3)
  7 adders
  An ufetubus (D:4)
  A worm (D:3)
  A dart slug (D:1)
  8 orcs (D:3)
  6 ball pythons
  2 endoplasms (D:1)
  2 giant cockroaches
  6 goblins
  5 hobgoblins
  5 quokkas
  8 bats
  4 frilled lizards
  5 kobolds
  8 rats
82 creatures vanquished.

Notes
Turn   | Place    | Note
-------+----------+-------------------------------------------
     0 | D:1      | qeuew the Deep Elf Earth Elementalist began the quest for
                  | the Orb.
     0 | D:1      | Reached XP level 1. HP: 10/10 MP: 6/6
   290 | D:1      | Reached XP level 2. HP: 15/15 MP: 5/8
  1270 | D:2      | Reached XP level 3. HP: 16/19 MP: 6/10
  2090 | D:3      | Found an ancient bone altar of Kikubaaqudgha.
  2101 | D:3      | Found an opulent altar of Gozag.
  2109 | D:3      | Reached XP level 4. HP: 24/24 MP: 10/12
  2353 | D:3      | Found a shadowy altar of Dithmenos.
  2542 | D:3      | Learned a level 3 spell: Stone Arrow
  2557 | D:3      | Reached XP level 5. HP: 27/28 MP: 6/13
  2672 | D:3      | Found a transporter.
  2884 | D:3      | Found a transporter.
  2926 | D:3      | Noticed Natasha
  2931 | D:3      | Killed Natasha
  2932 | D:3      | Reached skill level 5 in Spellcasting
  3297 | D:3      | Reached skill level 5 in Stealth
  3507 | D:3      | Noticed Natasha
  3511 | D:3      | Killed Natasha
  3512 | D:3      | Reached XP level 6. HP: 32/32 MP: 13/15
  3534 | D:4      | HP: 1/32 [ufetubus (4)]
  3554 | D:5      | Entered Level 5 of the Dungeon
  3704 | D:5      | Noticed a water moccasin
  3708 | D:5      | Killed a water moccasin
  3812 | D:4      | Found a sand-covered staircase.
  3819 | D:4      | Frozen to death by an endoplasm

Illustrated notes

Levels and vault maps discovered:
D:1:      ncdulo_halloftheorcs, layout_basic, minmay_pentomino_o2
D:2:      layout_basic
D:3:      gammafunk_wand_slinger, layout_basic, general_overflow_altar,
          mainiacjoe_overflow_boulevard, lemuel_doored_altar,
          grunt_ministairs_11, chequers_serial_rivers_small_3,
          bh_walls_and_bars, uniq_natasha
D:4:      layout_rooms, led_xom_imps, nicolae_ossuary_entry_giza
D:5:      cheibrodos_quashed, layout_basic, st_stairs_3

Skill      XL: |  1  2  3  4  5 |
---------------+----------------+-----
Stealth        | 3 4 5 |  5.6
Spellcasting   | 4 5 |  5.8
Dodging        | 3 |  3.9
Transmutations | 2 |  2.9
Earth Magic    | 4 |  4.3

Action                     |  1- 3 |  4- 6 || total
---------------------------+-------+-------++-------
  Melee: Dagger            |    20 |    34 ||    54
   Cast: Sandblast         |    47 |    48 ||    95
         Stone Arrow       |       |     7 ||     7
    Use: Scroll            |     8 |     3 ||    11
         Potion            |     6 |       ||     6
   Stab: Sleeping          |       |     6 ||     6
 Armour: Robe              |     5 |    22 ||    27
  Dodge: Dodged            |    25 |    81 ||   106
